 Dungeon Crawl Stone Soup version 0.30.0-29-ga12c61a403 (webtiles) character file.

Game seed: 17349567558110132784

153 olmar the Grave Robber (level 5, -2/35 HPs)
             Began as a Mummy Necromancer on June 6, 2023.
             Slain by a mummy (6 damage)
             ... in an ossuary.
             The game lasted 00:06:13 (3300 turns).

olmar the Grave Robber (Mummy Necromancer)          Turns: 3300, Time: 00:06:14

Health: -2/35      AC:  5    Str: 11    XL:     5   Next: 12%
Magic:  9/12       EV: 12    Int: 16    God:
Gold:   131        SH:  0    Dex: 13    Spells: 8/13 levels left

rFire   x . .        d - +1 dagger (venom)
rCold   + . .        (no shield)
rNeg    + + +        a - +0 robe
rPois   ∞            i - +0 helmet
rElec   .            l - +0 cloak
rCorr   .            b - +0 pair of gloves
SInv    .            (no boots)
Will    .....        (no amulet)
Stlth   ++           (no ring)
HPRegen 0.25/turn    (no ring)
MPRegen 0.13/turn

%: faith
@: no status effects
A: cold resistance 1, negative energy resistance 3, torment resistance 2, heat
vulnerability 1, in touch with death 1, no potions, faith
a: no special abilities


You were in an ossuary.
You visited 1 branch of the dungeon, and saw 4 of its levels.
You also visited: Ossuary.

You collected 131 gold pieces.

Inventory:

Hand Weapons
 d - a +1 dagger of venom (weapon)
Armour
 a - a +0 robe (worn)
 b - a +0 pair of gloves (worn)
 i - a +0 helmet (worn)
 l - a +0 cloak (worn)
Scrolls
 e - a scroll of enchant weapon
 g - a scroll of fog
 h - 2 scrolls of noise


   Skills:
 + Level 0.4 Short Blades
 - Level 1.5 Dodging
 - Level 1.6 Stealth
 + Level 4.8 Spellcasting
 + Level 5.3 Necromancy


You had 8 spell levels left.
You knew the following spells:

 Your Spells              Type           Power      Damage    Failure   Level
a - Necrotise             Necr           100%       1d9       1%          1
b - Vampiric Draining     Necr           31%        2d8       5%          3
c - Magic Dart            Conj           12%        1d3       16%         1

Your spell library contained the following spells:

 Spells                   Type           Power      Damage    Failure   Level
 Animate Dead             Necr           31%        N/A       17%         4
 Searing Ray              Conj           6%         2d4       24%         2
 Agony                    Necr           31%        N/A       43%         5
 Fulminant Prism          Conj/Hex       1%         3d5       83%         4


Dungeon Overview and Level Annotations

Branches:
Dungeon (4/15)            Ossuary (1/1)
 Temple: D:4-7

Altars:

Shops:
D:3 *


Innate Abilities, Weirdness & Mutations

You are immune to poison.
Your flesh is cold resistant. (rC+)
You are immune to negative energy. (rN+++)
You are immune to unholy pain and torment.
You are vulnerable to heat. (rF-)
You are in touch with the powers of death.
You do not drink.
You have a special connection with the divine. (Faith)


Message History

Casting: Magic Dart (safe; 16% risk of failure)
Confirm with . or Enter, or press ? or * to list all spells.
Aiming: Magic Dart (safe; 16% risk of failure)
Press: ? - help, Shift-Dir - straight line, f - mummy
Aim: a mummy (moderately damaged, 100% to hit)
The magic dart hits the mummy but does no damage.
The mummy is moderately damaged.
Unknown command.
You hit the mummy.
The mummy is moderately damaged.
The mummy closely misses you.
Unknown command.
You hit the mummy but do no damage.
The mummy is moderately damaged.
Unknown command.
You hit the mummy but do no damage.
The mummy is moderately damaged.
The mummy misses you.
You hit the mummy.
The mummy is heavily damaged.
The mummy hits you.
Unknown command.
You hit the mummy.
The mummy is severely damaged.
You hit the mummy.
The mummy is severely damaged.
The mummy hits you.
* * * LOW HITPOINT WARNING * * *
Unknown command.
You hit the mummy.
The mummy is almost destroyed.
You hit the mummy but do no damage.
The mummy is almost destroyed.
The mummy hits you.
* * * LOW HITPOINT WARNING * * *
Unknown command.
You hit the mummy but do no damage.
The mummy is almost destroyed.
The mummy hits you.
You die...

+...+ #...#
#...# #...#
#...# #...#
#.M.# #.@.#
##'''##
##.....##
####.......####
#W▓...∩.∩...▓W#
####.......####
##.....##
##...## ##▓##


You could see a mummy.

Vanquished Creatures
  Terence (D:2)
  Natasha (D:2)
  2 adders
  3 dart slugs
  An orc (D:3)
  10 ball pythons
  4 endoplasms
  6 giant cockroaches
  6 hobgoblins
  2 quokkas
  2 bats
  6 frilled lizards
  A gnoll skeleton (Ossuary)
  8 goblins
  5 kobolds
  2 kobold skeletons (Ossuary)
  6 orc skeletons (Ossuary)
  7 rats
73 creatures vanquished.

Vanquished Creatures (collateral kills)
  2 goblins
  A hobgoblin (D:1)
  A ball python (D:1)
  A rat (D:2)
5 creatures vanquished.

Grand Total: 78 creatures vanquished

Notes
Turn   | Place    | Note
-------+----------+-------------------------------------------
     0 | D:1      | olmar the Mummy Necromancer began the quest for the Orb.
     0 | D:1      | Reached XP level 1. HP: 13/13 MP: 4/4
   341 | D:1      | Reached XP level 2. HP: 19/19 MP: 3/6
  1481 | D:2      | Gained mutation: You are in touch with the powers of death.
                  | [Mummy growth]
  1481 | D:2      | Reached XP level 3. HP: 24/24 MP: 7/7
  1485 | D:2      | Learned a level 3 spell: Vampiric Draining
  1737 | D:2      | Noticed Natasha
  1751 | D:2      | Killed Natasha
  1752 | D:2      | Reached skill level 5 in Necromancy
  1837 | D:2      | Reached XP level 4. HP: 29/30 MP: 7/9
  1949 | D:2      | Found a faded altar of an unknown god.
  2075 | D:2      | Noticed Terence
  2083 | D:2      | Killed Terence
  2695 | D:3      | Found Piaphin's Assorted Antiques.
  3060 | D:4      | Reached XP level 5. HP: 35/35 MP: 8/12
  3179 | D:4      | Found a sand-covered staircase.
  3186 | D:4      | Learned a level 1 spell: Magic Dart
  3187 | Ossuary  | Entered an ossuary
  3187 | Ossuary  | Noticed a wraith
  3187 | Ossuary  | Noticed a wraith
  3187 | Ossuary  | Noticed a wraith
  3300 | Ossuary  | Slain by a mummy

Illustrated notes

Levels and vault maps discovered:
D:1:      lemuel_arrival_muddy, layout_basic, nrook_uturn
D:2:      layout_basic, shapermc_ecumenical_altar_pompeii, uniq_natasha,
          uniq_terence
D:3:      layout_loops_ring, serial_shops, nicolae_shop_statue_plus,
          mrwooster_statue_mirror, minmay_misc_feat_diagonals
D:4:      layout_basic, temple_hall, lightli_ossuary_entry_decrepit_ruins,
          uniq_duvessa
Ossuary:  ossuary_due_mausoleum

Skill      XL: |  1  2  3  4 |
---------------+-------------+-----
Spellcasting   | 3 4 |  4.8
Necromancy     | 5 |  5.3
Short Blades   | |  0.4
Dodging        | |  1.5
Stealth        | |  1.6

Action                     |  1- 3 |  4- 6 || total
---------------------------+-------+-------++-------
  Melee: Unarmed           |    10 |       ||    10
         Dagger            |    10 |   110 ||   120
   Cast: Necrotise         |    52 |     9 ||    61
         Vampiric Draining |     1 |     6 ||     7
         Magic Dart        |       |     6 ||     6
    Use: Scroll            |       |     6 ||     6
   Stab: Sleeping          |       |     3 ||     3
         Distracted        |       |     1 ||     1
 Armour: Robe              |    12 |    29 ||    41
  Dodge: Dodged            |    16 |    74 ||    90
